 Dungeon Crawl Stone Soup version 0.31-a0-361-g0f8bd3a31e (webtiles) character file.

Game seed: 15392767421742829521

8792 AdnanSaban the Basher (level 11, -1/68 HPs)
             Began as a Gargoyle Fighter on July 27, 2023.
             Was a High Priest of Okawaru.
             Slain by an unseen horror (9 damage)
             ... on level 10 of the Dungeon.
             The game lasted 00:15:45 (11536 turns).

AdnanSaban the Basher (Gargoyle Fighter)           Turns: 11536, Time: 00:15:45

Health: -1/68      AC: 20    Str: 25    XL:     11   Next: 36%
Magic:  15/15      EV:  9    Int:  8    God:    Okawaru [*****.]
Gold:   566        SH:  5    Dex:  9    Spells: 10/10 levels left

rFire   + + .        B - +3 morningstar (protect)
rCold   + . .        c - +0 buckler
rNeg    + . .        J - +0 chain mail {rF+}
rPois   ∞            q - +0 helmet
rElec   +            N - scarf {rC+ rF+}
rCorr   +            (no gloves)
SInv    .            (no boots)
Will    .....        (no amulet) Stlth
                     L - ring of resist corrosion
HPRegen 0.31/turn    (no ring)
MPRegen 0.14/turn

%: no passive effects
@: no status effects
A: sickness immunity, AC +8, negative energy resistance 1, electricity
resistance, torment resistance 1, petrification resistance
a: Renounce Religion, Heroism, Finesse, Duel


You were on level 10 of the Dungeon.
You worshipped Okawaru.
Okawaru was extremely pleased with you.
You visited 2 branches of the dungeon, and saw 12 of its levels.

You collected 566 gold pieces.

Inventory:

Hand Weapons
 B - a +3 morningstar of protection (weapon)
Missiles
 m - 6 javelins
 o - 2 throwing nets
 x - 16 poisoned darts (quivered)
Armour
 c - a +0 buckler (worn)
 q - a +0 helmet (worn)
 J - a +0 chain mail of fire resistance (worn)
 M - a +0 cloak
 N - a scarf of resistance (worn)
Jewellery
 p - a ring of wizardry
 s - a ring of ice
 L - a ring of resist corrosion (left hand)
Wands
 b - a wand of quicksilver (14)
 n - a wand of charming (7)
 F - a wand of digging (2)
 I - a wand of flame (5)
Scrolls
 e - 10 scrolls of identify {unknown}
 h - 2 scrolls of silence {unknown}
 r - a scroll of brand weapon {unknown}
 t - a scroll of revelation {unknown}
 u - a scroll of fog {unknown}
 v - 6 scrolls of teleportation {unknown}
 y - a scroll of noise {unknown}
 A - 2 scrolls of amnesia {unknown}
 C - a scroll of immolation {unknown}
 D - a scroll of enchant weapon {unknown}
 E - 2 scrolls of enchant armour {unknown}
Potions
 a - a potion of enlightenment {unknown}
 d - 4 potions of might
 f - 4 potions of ambrosia
 g - 4 potions of lignification {unknown}
 i - 2 potions of attraction {unknown}
 j - 5 potions of curing
 k - a potion of resistance {unknown}
 l - 4 potions of heal wounds {unknown}
 w - 2 potions of haste {unknown}
 z - 2 potions of degeneration {unknown}
 G - 2 potions of invisibility {unknown}
 H - a potion of berserk rage {unknown}
 K - 2 potions of brilliance {unknown}
 O - 2 potions of mutation {unknown}


   Skills:
 * Level 7.9 Fighting
 + Level 11.0 Maces & Flails
 + Level 2.9 Throwing
 + Level 9.3 Armour
 + Level 3.0 Dodging
 + Level 6.7 Shields
 + Level 5.4 Invocations


You had 10 spell levels left.
You didn't know any spells.
Your spell library contained the following spells:

 Spells                   Type           Power      Damage    Failure   Level
 Slow                     Hex            0%         N/A       91%         1
 Ensorcelled Hibernation  Hex/Ice        0%         N/A       97%         2
 Passwall                 Tmut/Erth      0%         N/A       97%         2
 Confusing Touch          Hex            0%         N/A       99%         3
 Swiftness                Air            0%         N/A       99%         3
 Vampiric Draining        Necr           0%         2d6       99%         3
 Lee's Rapid Deconstruct  Erth           0%         3d4*      100%        5
 Animate Armour           Summ/Erth      Unusable   N/A       N/A         4
 Summon Lightning Spire   Summ/Air       Unusable   N/A       N/A         4

Dungeon Overview and Level Annotations

Branches:
Dungeon (11/15)            Temple (1/1) D:4            Lair (0/5) D:8
    Orc (0/2) D:10

Altars:
Ashenzari
Cheibriados
Dithmenos
Elyvilon
Fedhas
Gozag
Hepliaklqana
Kikubaaqudgha
Makhleb
Nemelex Xobeh
Okawaru
Qazlal
Ru
Sif Muna
Trog
Uskayaw
Vehumet
Wu Jian
Xom
Yredelemnul
Zin
The Shining One

Shops:
D:4 !   D:8 (

Annotations:
D:7 2 transporters, Zero's ghost, novice TrSh


Innate Abilities, Weirdness & Mutations

You are immune to sickness and miasma.
Your stone body is resilient. (AC +8)
You are immune to poison.
You resist negative energy. (rN+)
You are resistant to electric shocks. (rElec)
You are resistant to unholy torment.
You are immune to petrification.


Message History

Something hits you but does no damage. Something hits you but does no damage.
Something hits you! Something hits you but does no damage.
You block something's attack. Something hits you but does no damage.
You block something's attack. Something hits you.
* * * LOW HITPOINT WARNING * * *
You block something's attack.
You hit something but do no damage.
Your weapon exudes an aura of protection.
Something hits you but does no damage. x2
You barely miss something. Something hits you but does no damage.
Something hits you.
* * * LOW HITPOINT WARNING * * *
Something hits you but does no damage.
You barely miss something. Something hits you but does no damage.
You puncture something!
Your weapon exudes an aura of protection.
Something hits you but does no damage.
You closely miss something. Something hits you.
* * * LOW HITPOINT WARNING * * *
Something hits you but does no damage.
You hit something but do no damage. Something hits you but does no damage.
Something hits you but does no damage. Something hits you but does no damage.
Something hits you but does no damage. Something hits you!
* * * LOW HITPOINT WARNING * * *
You closely miss something. Something hits you.
* * * LOW HITPOINT WARNING * * *
It was a potion of curing.
You feel better. Something hits you but does no damage.
Something hits you but does no damage. Something hits you but does no damage.
You barely miss something. Something hits you but does no damage.
Something hits you but does no damage. Something hits you.
* * * LOW HITPOINT WARNING * * *
Something hits you but does no damage. Something hits you!
You die...

.................................
.................................
##...##..........................
##...##..........####...#######..
.....##..........# #...# #..
.....##..........# #...# #..
>....##..........# #...#######..
##...##..........# #............
#...##.........@# #............
#...##..........# #............
#...............# #............
#...............# #............
##...............# #............
....####.........# #............
....# #.........####............
#...# #.........................
#...# #.........#..####.####....


There were no monsters in sight!

Vanquished Creatures
  3 two-headed ogres
  A manticore (D:9)
  2 komodo dragons
  2 trolls (D:10)
  4 shadows
  2 basilisks (D:8)
  A wraith (D:10)
  Grum (D:8)
  6 yaks
  An acid dragon (D:9)
  3 orc warriors
  3 black bears
  4 wolves
  3 centaurs
  6 bullfrogs
  2 kobold brigands
  A gnoll sergeant (D:8)
  3 scorpions
  10 wights
  5 killer bees (D:8)
  2 howler monkeys
  5 hounds
  6 orc priests
  Jessica (D:3)
  2 iguanas
  4 orc wizards
  Robin (D:4)
  8 gnolls
  7 adders
  A white imp (D:4)
  An ufetubus (D:6)
  2 worms
  3 dart slugs
  21 orcs
  4 ball pythons
  3 endoplasms
  A giant cockroach (D:2)
  10 goblins
  10 hobgoblins
  11 jackals
  17 kobolds
  2 quokkas
  3 bats
  5 frilled lizards
  3 rats
196 creatures vanquished.

Vanquished Creatures (others)
  A wyvern (D:8)
  A swamp drake (D:8)
  An orc wizard (D:6)
3 creatures vanquished.

Grand Total: 199 creatures vanquished

Notes
Turn   | Place    | Note
-------+----------+-------------------------------------------
     0 | D:1      | AdnanSaban the Gargoyle Fighter began the quest for the
                  | Orb.
     0 | D:1      | Reached XP level 1. HP: 14/14 MP: 1/1
   187 | D:1      | Reached XP level 2. HP: 19/19 MP: 2/2
   423 | D:1      | Reached XP level 3. HP: 24/24 MP: 3/3
  1173 | D:2      | Reached XP level 4. HP: 27/29 MP: 4/4
  1432 | D:3      | Noticed a scorpion
  1456 | D:3      | Killed a scorpion
  1457 | D:3      | Reached skill level 3 in Maces & Flails
  1457 | D:3      | Reached XP level 5. HP: 22/33 MP: 5/5
  2009 | D:3      | Noticed Jessica
  2018 | D:3      | Killed Jessica
  2112 | D:3      | Found a white marble altar of Elyvilon.
  2245 | D:3      | Reached XP level 6. HP: 30/39 MP: 6/6
  2808 | D:4      | Found a staircase to the Ecumenical Temple.
  2819 | Temple   | Entered the Ecumenical Temple
  2829 | Temple   | Became a worshipper of Warmaster Okawaru
  2855 | D:4      | Reached skill level 4 in Maces & Flails
  2900 | D:4      | Noticed Robin
  2959 | D:4      | Killed Robin
  3162 | D:4      | Found Vennizex's Distillery.
  3603 | D:5      | Entered Level 5 of the Dungeon
  3754 | D:5      | Noticed a black bear
  3800 | D:4      | Reached skill level 5 in Armour
  3800 | D:4      | Reached skill level 1 in Dodging
  3893 | D:5      | Killed a black bear
  3894 | D:5      | Reached XP level 7. HP: 14/44 MP: 7/7
  4011 | D:5      | Reached * piety under Okawaru
  4012 | D:5      | Reached skill level 5 in Maces & Flails
  4108 | D:5      | Identified the +4 rapier of Agony {flame, Fly rC+}
  4171 | D:5      | Found a sacrificial altar of Ru.
  4172 | D:5      | Found a sparkling altar of Nemelex Xobeh.
  4187 | D:5      | Found a basalt altar of Yredelemnul.
  4303 | D:5      | Reached skill level 5 in Fighting
  4618 | D:6      | Reached XP level 8. HP: 41/49 MP: 8/8
  5174 | D:7      | Reached skill level 6 in Maces & Flails
  5275 | D:6      | Reached ** piety under Okawaru
  5572 | D:7      | Reached skill level 5 in Shields
  5732 | D:7      | Found a transporter.
  5735 | D:7      | Noticed Zero's ghost (novice TrSh)
  5759 | D:7      | Found a transporter.
  5947 | D:7      | Found a bloodstained altar of Trog.
  6065 | D:8      | Noticed a seven-headed hydra
  6073 | D:8      | Reached skill level 7 in Maces & Flails
  6126 | D:8      | Reached XP level 9. HP: 55/55 MP: 9/9
  6497 | D:8      | Reached *** piety under Okawaru
  6555 | D:8      | Found a radiant altar of Vehumet.
  6556 | D:8      | Found a broken altar of Ashenzari.
  6702 | D:8      | Found Wyojat's Hydra Hut.
  6706 | D:8      | Noticed Grum
  6720 | D:8      | Reached skill level 1 in Invocations
  6724 | D:8      | Reached skill level 8 in Maces & Flails
  6947 | D:8      | Killed Grum
  7031 | D:8      | Reached **** piety under Okawaru
  7338 | D:8      | Noticed a komodo dragon
  7369 | D:8      | Killed a komodo dragon
  7370 | D:8      | Reached skill level 9 in Maces & Flails
  7370 | D:8      | Reached XP level 10. HP: 6/61 MP: 12/12
  7591 | D:8      | Found a staircase to the Lair.
  8173 | D:9      | Noticed a two-headed ogre
  8183 | D:9      | Killed a two-headed ogre
  8183 | D:9      | Reached ***** piety under Okawaru
  8184 | D:9      | Reached skill level 1 in Throwing
  8357 | D:9      | Noticed a manticore
  8377 | D:9      | Killed a manticore
  8378 | D:9      | Reached skill level 5 in Invocations
  8856 | D:10     | Entered Level 10 of the Dungeon
  9334 | D:10     | Found a staircase to the Orcish Mines.
  9336 | D:10     | Noticed a two-headed ogre
  9351 | D:10     | Killed a two-headed ogre
  9352 | D:10     | Reached skill level 10 in Maces & Flails
  9843 | D:10     | Reached XP level 11. HP: 47/67 MP: 15/15
 10052 | D:10     | Found a shimmering altar of Xom.
 11047 | D:11     | Noticed a two-headed ogre
 11057 | D:11     | Killed a two-headed ogre
 11186 | D:11     | Reached skill level 11 in Maces & Flails
 11536 | D:10     | Slain by an unseen horror

Illustrated notes

Levels and vault maps discovered:
D:1:      mrwooster_arrival_arrow, layout_basic
D:2:      layout_loops_ring
D:3:      layout_loops_corners, elyvilon_altar_3,
          chequers_serial_rivers_micro_e, chequers_garden, lemuel_flame_loot_1,
          uniq_jessica
D:4:      layout_loops_corners, minmay_temple_entry_statues_pillars,
          serial_shops, shop, uniq_robin
D:5:      layout_cave_pools, grunt_temple_overflow_open
D:6:      layout_basic
D:7:      layout_basic, mainiacjoe_overflow_alcove_2, gammafunk_ghost_hive
D:8:      layout_loops_corners, gammafunk_temple_overflow_statue,
          erik_lair_dragon, doesnt_shop_hydraphobe, uniq_grum
D:9:      layout_irregular_city
D:10:     layout_small_grid, old_standard_altar, orc_0_dummy,
          minmay_diced_spiral
D:11:     layout_grid_maze, serial_glass, glass_columns_c, glass_columns_a
Temple:   nicolae_temple_great_sept

Skill      XL: |  1  2  3  4  5  6  7  8  9 10 11 |
---------------+----------------------------------+-----
Armour         | 4 5 6 7 8 9 |  9.3
Fighting       | 4 5 6 7 |  7.9
Maces & Flails | 3 4 5 7 9 10 11 | 11.0
Shields        | 4 5 6 |  6.7
Dodging        | 1 2 3 |  3.0
Invocations    | 3 5 |  5.4
Throwing       | 2 |  2.9

Action                     |  1- 3 |  4- 6 |  7- 9 | 10-12 || total
---------------------------+-------+-------+-------+-------++-------
  Melee: Flail             |   110 |   184 |   118 |       ||   412
         Morningstar       |       |       |   244 |   212 ||   456
  Throw: Javelin           |       |     2 |       |       ||     2
         Dart              |       |       |       |    44 ||    44
    Use: Potion            |       |       |       |     1 ||     1
 Armour: Scale mail        |    55 |   127 |    72 |       ||   254
         Chain mail        |       |       |   207 |   179 ||   386
  Dodge: Dodged            |    50 |   111 |   203 |    91 ||   455
  Block: Buckler           |    23 |    43 |    91 |    41 ||   198

Table legend: (Time is in decaauts)
 A = Elapsed time spent in this place.
 B = Non-inter-level travel time spent in this place.
 C = Inter-level travel time spent in this place.
 D = Time resting spent in this place.
 E = Time spent auto-exploring this place.
 F = Levels seen in this place.
 G = Mean time per level.
                   A        B        C        D        E       F      G
               +--------+--------+--------+--------+--------+-----+--------+
         Total |  11700 |  10562 |   1138 |   1170 |   7197 |  12 |  975.0 |
       Dungeon |  11680 |  10560 |   1120 |   1170 |   7197 |  11 | 1061.8 |
        Temple |     20 |      2 |     18 |      0 |      0 |   1 |   20.0 |
               +--------+--------+--------+--------+--------+-----+--------+

Top non-repeatable levels by time:
     D:8: 1568 daAuts
     D:9: 1423 daAuts
    D:10: 1339 daAuts
     D:3: 1317 daAuts
     D:7: 1206 daAuts
     D:4: 1139 daAuts
     D:6: 903 daAuts
     D:1: 795 daAuts
     D:2: 715 daAuts
     D:5: 695 daAuts
    D:11: 576 daAuts
  Temple: 20 daAuts
